 Dungeon Crawl Stone Soup version 0.28.0-43-g3370ac3207 (webtiles) character file.

Game seed: 11448270999443545459

448 nickcage the Changer (level 6, -1/47 HPs)
             Began as a Draconian Transmuter on Mar 29, 2022.
             Killed from afar by an orc wizard (4 damage)
             ... with a magic dart
             ... on level 4 of the Dungeon.
             The game lasted 00:13:58 (4885 turns).

nickcage the Changer (Draconian Transmuter)         Turns: 4885, Time: 00:13:58

Health: -1/47      AC:  6    Str: 13    XL:     6   Next: 73%
Magic:  9/9        EV: 12    Int: 15    God:
Gold:   131        SH:  0    Dex: 11    Spells: 5/9 levels left

rFire   + . .      SeeInvis .   d - +8 hand axe "Pisemast" {vorpal, rF+}
rCold   . . .      Faith    .   (no shield)
rNeg    . . .      Spirit   .   (armour unavailable)
rPois   .          Reflect  .   (helmet restricted)
rElec   .          Harm     .   (no cloak)
rCorr   .          Rampage  .   (no gloves)
Will    .....                   (no boots)
Stlth   +.........              (no amulet)
HPRegen 0.15/turn               (no ring)
MPRegen 0.11/turn               (no ring)

@: no status effects
A: AC +6, unfitting armour, cold-blooded
a: no special abilities


You were on level 4 of the Dungeon.
You visited 1 branch of the dungeon, and saw 4 of its levels.

You collected 131 gold pieces.

Inventory:

Hand Weapons
 a - a +0 club
 c - a +1 short sword of electrocution
 d - the +8 hand axe "Pisemast" (weapon) {vorpal, rF+}
   (You found it on level 3 of the Dungeon)

   It inflicts extra damage upon your enemies.
   rF:        It protects you from fire.
Missiles
 g - 11 poisoned darts
Armour
 h - an orb of wrath
 j - a +1 pair of boots
Wands
 r - a wand of flame (21)
 u - a wand of acid (5)
Scrolls
 b - 2 scrolls of amnesia
 k - a scroll of torment {unknown}
 m - a scroll of blinking {unknown}
 o - a scroll of acquirement {unknown}
 p - a scroll of enchant armour {unknown}
 s - a scroll of identify
Potions
 e - a potion of curing {unknown}
 f - 2 potions of might
 i - 2 potions of mutation {unknown}
 l - a potion of magic {unknown}
 n - 2 potions of degeneration {unknown}
 q - a potion of haste {unknown}
 t - a potion of attraction {unknown}


   Skills:
 - Level 1.1 Fighting
 - Level 1.7 Dodging
 - Level 3.0 Unarmed Combat
 - Level 2.0 Spellcasting
 + Level 7.1 Transmutations
 + Level 1.4 Poison Magic


You had 5 spell levels left.
You knew the following spells:

 Your Spells              Type           Power      Damage    Failure   Level
a - Beastly Appendage     Tmut           44%        N/A       1%          1
b - Spider Form           Tmut/Pois      14%        N/A       12%         3

Your spell library contained the following spells:

 Spells                   Type           Power      Damage    Failure   Level
 Wereblood                Tmut           22%        N/A       1%          2
 Ice Form                 Ice/Tmut       12%        N/A       45%         4


Dungeon Overview and Level Annotations

Branches:
Dungeon (4/15)
 Temple: D:4-7

Altars:

Shops:
D:2 (*!


Innate Abilities, Weirdness & Mutations

Your plain brown scales are hard. (AC +6)
You cannot fit into any form of body armour.
You are cold-blooded and may be slowed by cold attacks.


Message History

* * * LOW HITPOINT WARNING * * *
The acid corrodes you!
You hit the orc.
You kill the orc!
u - a wand of acid (5)
Things that are here:
a +0 falchion; an orc corpse You start resting.
Magic restored.
You start resting.
You are no longer corroded.
An orc comes into view. It is wielding a +0 falchion.
An orc priest comes into view. It is wielding a +0 flail.
The orc priest shouts!
The orc shouts!
You hit the orc. Your kick misses the orc.
Your tail-slap misses the orc.
The orc is heavily wounded.
You hit the orc priest. The orc hits you but does no damage.
The orc priest begins to cast a cantrip, but forgets the words!
The orc closely misses you.
You hit the orc.
You kill the orc!
You slash the orc priest!
You kill the orc priest!
Your Transmutations skill increases to level 7!
You start resting.
Your transformation is almost over.
An orc wizard comes into view. It is wielding a +0 dagger.
The orc wizard shouts!
Things that are here:
a +0 falchion; an orc corpse Your horns disappear.
Your talons disappear.
The orc wizard gestures at you while chanting.
The magic dart hits you.
* * * LOW HITPOINT WARNING * * *
The orc wizard points at you and mumbles some strange words.
The magic dart hits you!
* * * LOW HITPOINT WARNING * * *
The orc wizard casts a spell at you. The magic dart hits you.
You die...

#.).# #......#..... #..)#
#......#.#...
#...#######......#.####
#........##.........###
#........##...#####...#
##........##...#...#.#.#
#....#######...'.†.'.#.#
.###...)#######...#...#...#
........o.@..).)..#####....
..###....#######).......[..#
###### #......#######.#
#.≈.≈.≈≈≈≈. ≈≈.
#.≈≈≈≈≈.≈≈≈≈≈≈≈≈
#≈≈♣♣♣≈.≈♣♣♣≈.≈♣ #≈≈♣ ♣≈.≈♣
♣≈≈≈♣ #.≈♣ ≈≈≈♣ ♣≈.≈♣ #≈≈≈
≈.≈≈≈≈≈.≈≈


You could see an orc wizard.

Vanquished Creatures
  2 lemures (D:3)
  A bullfrog (D:4)
  A centaur skeleton (D:4)
  3 orc priests (D:4)
  Natasha (thrice) (D:4)
  A hound skeleton (D:4)
  3 gnolls
  5 adders
  5 dart slugs
  13 orcs
  7 endoplasms
  5 giant cockroaches
  2 goblins (D:1)
  2 hobgoblins
  10 jackals
  A quokka (D:4)
  12 ball pythons
  7 bats
  2 frilled lizards
  9 kobolds
  5 rats
99 creatures vanquished.

Notes
Turn   | Place    | Note
-------+----------+-------------------------------------------
     0 | D:1      | nickcage the Draconian Transmuter began the quest for the
                  | Orb.
     0 | D:1      | Reached XP level 1. HP: 16/16 MP: 3/3
   269 | D:1      | Reached XP level 2. HP: 19/23 MP: 5/5
   379 | D:1      | Reached skill level 3 in Transmutations
   775 | D:1      | Reached XP level 3. HP: 28/28 MP: 4/6
   996 | D:1      | Found a faded altar of an unknown god.
  1181 | D:1      | Learned a level 3 spell: Spider Form
  1365 | D:2      | Found Metwyezo's General Store.
  1402 | D:2      | Found Domofa's Weapon Shoppe.
  1654 | D:2      | Found Azuotzer's Distillery.
  1795 | D:3      | Reached skill level 4 in Transmutations
  2120 | D:3      | Identified the +8 hand axe "Pisemast" {vorpal, rF+}
  2389 | D:3      | Reached XP level 4. HP: 35/35 MP: 5/7
  2848 | D:3      | Reached skill level 5 in Transmutations
  3452 | D:4      | Noticed Natasha
  3457 | D:4      | Killed Natasha
  3458 | D:4      | Reached XP level 5. HP: 28/40 MP: 6/8
  3465 | D:4      | Noticed Natasha
  3474 | D:4      | Killed Natasha
  3742 | D:4      | Reached skill level 6 in Transmutations
  4033 | D:4      | Noticed a lemure
  4033 | D:4      | Noticed a lemure
  4033 | D:4      | Noticed a lemure
  4079 | D:3      | Killed a lemure
  4084 | D:3      | Killed a lemure
  4293 | D:4      | Reached skill level 1 in Poison Magic
  4293 | D:4      | Reached XP level 6. HP: 34/47 MP: 7/9
  4558 | D:4      | Noticed Natasha
  4566 | D:4      | Killed Natasha
  4873 | D:4      | Reached skill level 7 in Transmutations
  4885 | D:4      | Killed from afar by an orc wizard

Illustrated notes

Levels and vault maps discovered:
D:1:      minmay_arrival_stone_box, layout_basic,
          shapermc_ecumenical_altar_venn, serial_bayou_crossing
D:2:      layout_basic, serial_shops, shop, nicolae_shop_crystal,
          nicolae_shop_trees
D:3:      minmay_wonky_spiral, layout_loops_corners, lemuel_flame_loot_1
D:4:      layout_basic, serial_shops, shop, minmay_misc_feat_room,
          kennysheep_boxes, uniq_pikel, uniq_natasha, uniq_blork_the_orc

Skill      XL: |  1  2  3  4  5  6 |
---------------+-------------------+-----
Transmutations | 3 4 5 6 7 |  7.1
Poison Magic   | 1 |  1.4
Fighting       | |  1.1
Dodging        | |  1.7
Unarmed Combat | |  3.0
Spellcasting   | |  2.0

Action                   |  1- 3 |  4- 6 || total
-------------------------+-------+-------++-------
Melee: Unarmed           |    32 |    26 ||    58
       Headbutt          |    11 |    16 ||    27
       Kick              |     9 |    18 ||    27
       Tailslap          |    14 |    10 ||    24
       Short sword       |    50 |       ||    50
       Club              |    11 |       ||    11
       Hand axe          |    15 |    78 ||    93
       Punch             |     1 |       ||     1
 Cast: Beastly Appendage |    33 |    15 ||    48
       Spider Form       |     1 |     7 ||     8
  Use: Scroll            |     4 |       ||     4
 Stab: Sleeping          |     1 |       ||     1
Armor: Skin              |    40 |    30 ||    70
Dodge: Dodged            |    78 |    73 ||   151
